 Dungeon Crawl Stone Soup version 0.21.1-1-g345015f (webtiles) character file.

206145 Lokkij the Warrior (level 18, -3/128 HPs)
             Began as a Tengu Fighter on July 3, 2018.
             Was a Follower of Uskayaw.
             Slain by a meliai
             ... wielding a +0 hand axe
              (8 damage)
             ... on level 2 of the Shoals.
             The game lasted 02:48:30 (35268 turns).

Lokkij the Warrior (Tengu Fighter)                 Turns: 35268, Time: 02:48:32

Health: -3/128     AC: 27    Str: 23    XL:     18   Next: 70%
Magic:  28/28      EV: 17    Int: 10    God:    Uskayaw [*.....]
Gold:   1754       SH:  0    Dex: 18    Spells: 27/29 levels left

rFire    . . .     SeeInvis +   a - +7 long sword of Xynis {venom, rElec Dex+2}
rCold    + + .     Gourm    .   L - +0 large shield {reflect}
rNeg     . . .     Faith    .   k - +1 ice dragon scales
rPois    +         Spirit   .   P - +2 hat
rElec    +         Reflect  +   m - +2 cloak {rPois}
rCorr    .         Harm     +   I - +0 pair of gloves
MR       +....                  (boots unavailable)
Stlth    ..........             h - amulet of harm
HPRegen  0.31/turn              v - ring of protection from fire
MPRegen  0.21/turn              V - ring of see invisible

@: confused, about to teleport, flying quickly and evasively, very slightly
contaminated, quick
A: beak, talons 3, icy blue scales 1, iridescent scales 1, rugged brown scales
1, strong 1, able to fly 2
}: 1/15 runes: gossamer
a: Stop Flying, Stomp, Renounce Religion


You were on level 2 of the Shoals.
You worshipped Uskayaw.
Uskayaw was aware of your devotion.
You were not hungry.

You visited 9 branches of the dungeon, and saw 33 of its levels.
You visited the Abyss 1 time.
You also visited: Labyrinth and Ossuary.

You collected 2986 gold pieces.
You spent 1232 gold pieces at shops.

Inventory:

Hand Weapons
 a - the +7 long sword of Xynis (weapon) {venom, rElec Dex+2}
   (You bought it in a shop on level 10 of the Dungeon)

   It poisons the flesh of those it strikes.
   It affects your dexterity (+2).
   It insulates you from electricity.
 b - a +1 demon blade of draining
 D - a +1 long sword of holy wrath
Armour
 k - +1 ice dragon scales (worn)
 m - a +2 cloak of poison resistance (worn)
 I - a +0 pair of gloves (worn)
 L - a +0 large shield of reflection (worn)
 P - a +2 hat (worn)
Jewellery
 g - an uncursed ring of positive energy
 h - an amulet of harm (around neck)
 o - an uncursed ring of positive energy
 v - a ring of protection from fire (left hand)
 y - an uncursed ring of poison resistance {unknown}
 A - a cursed ring of protection from fire
 V - a ring of see invisible (right hand)
Wands
 r - a wand of acid (13)
 C - a wand of paralysis (10)
 H - a wand of random effects (5)
Scrolls
 c - a scroll of magic mapping
 i - 10 scrolls of identify
 j - a scroll of enchant armour
 l - 9 scrolls of teleportation
 p - 3 scrolls of fear
 z - 6 scrolls of fog
 F - 3 scrolls of blinking
 Q - a scroll of silence
Potions
 d - 2 potions of agility
 q - 2 potions of ambrosia
 s - 2 potions of cancellation
 t - a potion of haste
 u - 5 potions of mutation
 w - 6 potions of magic
 x - 2 potions of invisibility
 B - a potion of brilliance
 G - 9 potions of lignification
 J - a potion of might
Miscellaneous
 n - a lightning rod (1/4)
Comestibles
 f - 28 rations


   Skills:
 * Level 18.1 Fighting
 + Level 16.0 Long Blades
 + Level 12.2 Armour
 + Level 10.4 Dodging
 * Level 11.5 Shields
 - Level 6.0 Spellcasting
 - Level 2.0 Charms
 + Level 8.6 Air Magic
 - Level 11.0 Invocations


You had 27 spell levels left.
You knew the following spells:

 Your Spells              Type           Power        Failure   Level  Hunger
a - Swiftness             Chrm/Air       ##......     43%         2    ##.....


Dungeon Overview and Level Annotations

Branches:
Dungeon (15/15)            Temple (1/1) D:5            Lair (6/6) D:8
 Shoals (2/4) Lair:4       Spider (4/4) Lair:3        Slime (1/5) Lair:6
    Orc (2/2) D:12            Elf (1/3) Orc:2        Vaults (0/5) D:13
 Depths (1/5) D:15

Altars:
Ashenzari
Cheibriados
Dithmenos
Elyvilon
Fedhas
Gozag
Hepliaklqana
Kikubaaqudgha
Makhleb
Nemelex Xobeh
Okawaru
Qazlal
Ru
Sif Muna
Trog
Uskayaw
Vehumet
Wu Jian
Xom
Yredelemnul
Zin
The Shining One
Beogh
Jiyva

Shops:
D:4 [   D:8 [   D:10 ((   Orc:2 (*(   Shoals:1 ?

Annotations:
D:6 exclusions: 2 doors and 7 more exclusions
Shoals:2 Frances


Innate Abilities, Weirdness & Mutations

You have a beak for a mouth.
You have claws for feet.
You can fly continuously.
You are partially covered in icy blue scales. (AC +2)
You are partially covered in iridescent scales. (AC +2)
You are partially covered in rugged brown scales. (AC +1, +3% HP)
Your muscles are strong. (Str +2)


Message History

The elephant trumpets!
The meliai buzzes angrily.
As you read the scroll of teleportation, it crumbles to dust.
You feel strangely unstable.
You are confused.
You feel invigorated.
The meliai calls upon its god to heal the meliai.
The meliai is healed somewhat.
The minotaur bellows!
The meliai calls down the wrath of its god upon you.
Something smites you!
* * * LOW HITPOINT WARNING * * *
A faun comes into view. It is wielding a club.
Okay, then.
You're too confused to move!
The meliai barely misses you. The meliai stings you.
* * * LOW HITPOINT WARNING * * *
The meliai closely misses you.
The meliai stings you but does no damage.
The meliai hits you with a hand axe!
You die...

>≈≈...## .c...##≈≈≈≈≈≈≈≈≈≈≈≈≈#
≈≈≈.:..# H.#.#≈≈≈≈≈≈≈≈≈≈≈≈≈≈#
≈≈≈≈...# ...#≈≈≈≈≈≈≈≈≈≈≈≈≈≈#
.≈≈≈≈..###### H..≈≈≈≈Y≈≈≈≈≈≈≈≈≈#
..≈≈≈≈≈≈....###..≈≈≈≈≈≈≈≈≈≈≈≈≈≈#
....≈≈≈≈.....##..≈≈≈≈≈≈≈≈≈≈≈≈≈≈#
..≈...≈≈......#..≈≈≈≈≈≈≈≈≈≈≈≈≈≈#
.≈≈k....>.≈≈≈≈≈≈≈y≈≈≈≈≈≈≈≈≈≈≈≈≈#
.....≈≈..≈≈≈≈≈≈≈@Y≈≈≈≈≈≈≈≈≈≈≈≈≈#
....≈≈..≈≈≈≈≈≈≈≈≈y≈≈≈≈≈≈≈≈≈≈≈≈≈#
..≈..≈≈.≈≈≈≈≈≈≈≈≈≈≈≈≈≈≈≈≈≈≈≈≈≈≈#
.....≈≈≈.≈≈≈≈≈≈≈≈≈≈≈≈≈≈≈≈≈≈≈≈≈§#
.....≈≈≈≈≈≈≈≈≈≈≈≈≈≈≈≈≈≈≈≈≈≈≈≈≈≈#
####.≈≈≈≈≈≈≈≈≈≈≈≈≈≈≈≈≈≈≈≈≈≈≈≈≈≈#
#...≈≈≈.≈≈≈≈≈≈≈≈≈≈≈≈≈≈≈≈≈≈≈≈≈#
.....≈≈≈≈≈≈≈≈≈≈≈≈≈≈≈≈≈≈≈≈≈≈≈≈≈#
....≈≈≈≈..≈≈≈≈≈≈≈≈≈≈≈≈≈≈≈≈≈≈≈≈#


You could see a minotaur, 2 elephants and 2 meliai.

Vanquished Creatures
  Mara (Spider:4)
  Arachne (Spider:4)
  A bone dragon (Abyss:2)
  The ghost of Rwicked the Bludgeoner, an adept MiBe of Trog (Shoals:1)
  Rupert (D:13)
  A kraken (Shoals:2)
  Kirke (Lair:6)
  A tentacled starspawn (Abyss:2)
  Agnes (D:15)
  Donald (Shoals:1)
  9 emperor scorpions
  A ghost moth (Spider:4)
  An orc warlord (Orc:1)
  2 entropy weavers
  A spark wasp (Spider:4)
  Azrael (D:13)
  3 dire elephants
  A spark wasp (shapeshifter) (D:13)
  4 merfolk impalers
  A merfolk javelineer (Shoals:2)
  The ghost of teukkam the Blocker, a journeyman TrMo (D:11)
  Fannar (Lair:3)
  A minotaur (Lab)
  Harold (D:10)
  Erolcha (D:13)
  A vault guard (D:13)
  The ghost of dscm the Cleaver, a journeyman DsGl of Uskayaw (Lair:1)
  4 hydras
  An alligator snapping turtle (Shoals:2)
  An anaconda (Lair:6)
  20 two-headed ogres
  7 centaur warriors
  Erica (Orc:1)
  10 death yaks
  4 ogre magi (Orc:2)
  A satyr (Shoals:1)
  The ghost of sking99 the Grappler, a novice TrMo (D:7)
  Urug (D:15)
  3 thrashing horrors (Abyss:2)
  The ghost of Lokkij the Carver, a novice TeMo of Uskayaw (D:9)
  Nergalle (Lair:4)
  A wretched star (Abyss:2)
  Sonja (Lair:3)
  2 shadow wraiths
  An iron troll (D:13)
  3 unseen horrors
  3 large abominations (Abyss:2)
  A wizard (D:15)
  A necromancer (Lair:4)
  2 lindwurms
  2 orc knights
  22 orb spiders
  2 deep elf magi
  A wolf spider zombie (D:15)
  9 ugly things
  6 fauns (Shoals:1)
  3 centaur zombies
  A worldbinder (Abyss:2)
  2 manticores
  3 cyclopes
  A moth of wrath (Spider:4)
  35 wolf spiders
  3 merfolk sirens
  6 elephants
  A torpor snail (Lair:4)
  2 black mambas
  Psyche (D:9)
  6 spiny frogs
  2 komodo dragons (Lair:4)
  6 kobold demonologists
  2 rime drakes
  7 demonic crawlers
  The ghost of lotte the Gusty, a novice DEAE of Sif Muna (D:5)
  The ghost of twistedcrescendo the Cudgeler, an amateur MiBe of Trog (D:3)
  A queen bee (D:11)
  Prince Ribbit (D:6)
  10 trolls
  2 ancient zymes (Abyss:2)
  2 polar bears (Lair:6)
  33 jumping spiders
  16 merfolk
  A meliai (Shoals:2)
  A merfolk (shapeshifter) (D:13)
  6 hornets
  26 slime creatures
  4 dream sheep (Lair:6)
  15 blink frogs
  4 snapping turtles
  11 hippogriffs
  Sigmund (D:2)
  3 shadows
  4 wyverns
  63 redbacks
  28 tarantellas
  2 water elementals (Shoals:2)
  3 wraiths
  4 hogs (Lair:6)
  46 yaks
  7 hungry ghosts
  2 small abominations (Abyss:2)
  2 fire elementals (D:13)
  3 basilisks
  11 swamp worms (Spider:2)
  7 wargs (Orc:1)
  6 water moccasins
  9 porcupines
  Duvessa (D:5)
  7 hell hounds
  2 ice beasts
  10 orc warriors
  2 black bears
  A hornet zombie (D:6)
  26 ogres
  4 sky beasts
  A phantom (D:11)
  3 necrophages
  3 eyes of draining
  2 elephant zombies (Lair:4)
  17 wolves
  18 centaurs
  7 crocodiles
  Blork the orc (D:6)
  13 big kobolds
  16 bullfrogs
  A water moccasin zombie (Ossuary)
  Dowan (D:5)
  11 scorpions
  A water moccasin skeleton (D:10)
  7 wights
  24 killer bees
  2 howler monkeys
  9 electric eels
  11 crimson imps
  3 bullfrog zombies
  A quasit (D:3)
  A basilisk zombie (Lair:4)
  7 orc priests
  2 bullfrog skeletons
  8 hounds
  8 jellies
  20 orc wizards
  4 centaur skeletons
  Terence (D:2)
  Natasha (twice) (D:2)
  3 iguanas
  10 worker ants
  A killer bee zombie (D:7)
  2 big kobold zombies (Ossuary)
  A hound zombie (D:10)
  2 mummies (Ossuary)
  3 worker ant zombies
  11 gnolls
  12 adders
  5 shadow imps
  2 white imps (Abyss:2)
  An ufetubus (Abyss:2)
  3 adder zombies (Ossuary)
  An adder skeleton (D:6)
  13 worms
  5 dart slugs
  4 leopard geckos
  58 orcs
  7 bats
  6 giant cockroaches
  2 gnoll zombies (Ossuary)
  14 goblins
  12 hobgoblins
  7 jackals (D:1)
  29 kobolds
  5 quokkas
  4 ball pythons
  5 frilled lizards
  A giant cockroach zombie (D:5)
  4 hobgoblin zombies (Ossuary)
  6 kobold zombies (Ossuary)
  2 leopard gecko skeletons
  4 orc zombies (Ossuary)
  5 rats
  3 plants (Lair:6)
  2 tentacles (Shoals:2)
1084 creatures vanquished.

Vanquished Creatures (others)
  A jumping spider (Spider:4)
  A redback (Spider:4)
  A centaur (Shoals:1)
  A quokka (D:11)
  2 fungi
  9 plants
  4 starspawn tentacles (Abyss:2)
  3 tentacles (Shoals:2)
22 creatures vanquished.

Grand Total: 1106 creatures vanquished

Notes
Turn   | Place    | Note
-------+----------+-------------------------------------------
     0 | D:1      | Lokkij the Tengu Fighter began the quest for the Orb.
     0 | D:1      | Reached XP level 1. HP: 14/14 MP: 2/2
    98 | D:1      | Reached XP level 2. HP: 19/19 MP: 3/3
   418 | D:1      | Reached XP level 3. HP: 21/23 MP: 4/4
   904 | D:2      | Found a shadowy altar of Dithmenos.
   905 | D:2      | Noticed Sigmund
   910 | D:2      | Killed Sigmund
   910 | D:2      | Reached skill level 4 in Fighting
   910 | D:2      | Reached skill level 5 in Long Blades
   910 | D:2      | Reached XP level 4. HP: 15/29 MP: 5/5
   910 | D:2      | Gained mutation: You can fly. [Tengu growth]
   910 | D:2      | Reached XP level 5. HP: 17/33 MP: 6/6
   969 | D:2      | Noticed Natasha
   974 | D:2      | Killed Natasha
   974 | D:2      | Reached XP level 6. HP: 23/39 MP: 7/7
  1157 | D:2      | Noticed Terence
  1170 | D:2      | Killed Terence
  1563 | D:2      | Noticed Natasha
  1616 | D:2      | Killed Natasha
  2076 | D:3      | Found a hazy altar of Hepliaklqana.
  2102 | D:3      | Reached XP level 7. HP: 20/44 MP: 8/8
  2157 | D:3      | Reached skill level 5 in Fighting
  2398 | D:3      | Noticed twistedcrescendo's ghost (amateur MiBe)
  3123 | D:4      | Found Tubbagutoh's Armour Shoppe.
  3146 | D:4      | Bought a +2 cloak of poison resistance for 203 gold pieces
  3849 | D:5      | Entered Level 5 of the Dungeon
  3849 | D:5      | Found a glowing drain.
  4010 | D:5      | Gained mutation: You are partially covered in rugged brown scales. (AC +1, +3% HP) [potion of mutation]
  4010 | D:5      | Gained mutation: You are frail. (-10% HP) [potion of mutation]
  4010 | D:5      | Gained mutation: Your system is resistant to poisons. (rPois) [potion of mutation]
  4051 | D:5      | Reached XP level 8. HP: 29/47 MP: 9/9
  4195 | D:5      | Reached skill level 6 in Fighting
  4230 | D:5      | Found a sacrificial altar of Ru.
  4301 | D:5      | Noticed lotte's ghost (novice DEAE)
  4326 | D:5      | Killed lotte's ghost
  4665 | D:5      | Found a staircase to the Ecumenical Temple.
  4673 | Temple   | Entered the Ecumenical Temple
  4874 | Temple   | Became a worshipper of Uskayaw the Reveler
  4953 | D:5      | Reached * piety under Uskayaw
  5013 | D:5      | Reached ** piety under Uskayaw
  5124 | D:6      | Noticed Duvessa
  5124 | D:6      | Noticed Dowan
  5145 | D:5      | Killed Duvessa
  5148 | D:5      | Reached *** piety under Uskayaw
  5152 | D:5      | Reached **** piety under Uskayaw
  5154 | D:5      | Killed Dowan
  5596 | D:6      | Found a snail-covered altar of Cheibriados.
  5795 | D:6      | Reached skill level 7 in Fighting
  5795 | D:6      | Reached skill level 10 in Long Blades
  5952 | D:6      | Noticed Prince Ribbit
  5962 | D:6      | Killed Prince Ribbit
  5962 | D:6      | Reached XP level 9. HP: 53/53 MP: 10/10
  6520 | D:6      | Noticed Blork the orc
  6532 | D:6      | Killed Blork the orc
  6759 | D:7      | Noticed sking99's ghost (novice TrMo)
  6767 | D:7      | Killed sking99's ghost
  6767 | D:7      | Reached skill level 8 in Fighting
  6767 | D:7      | Reached skill level 5 in Armour
  6803 | D:7      | Found a deep blue altar of Sif Muna.
  7165 | D:7      | Got a pitted dagger {drain}
  7166 | D:7      | Identified the +9 dagger "Fosaorra" {drain, rPois rC- Int+8 Stlth+} (You took it off an orc on level 7 of the Dungeon)
  7239 | D:7      | Found a shattered altar of Ashenzari.
  7390 | D:7      | Reached skill level 1 in Dodging
  7458 | D:7      | Reached XP level 10. HP: 55/60 MP: 11/11
  7472 | D:7      | Reached ***** piety under Uskayaw
  7886 | D:3      | Killed twistedcrescendo's ghost
  8154 | D:8      | Found a sand-covered staircase.
  8164 | Ossuary  | Entered an ossuary
  8349 | D:8      | Found a staircase to the Lair.
  8365 | D:8      | Found a glowing golden altar of the Shining One.
  8433 | Lair:1   | Entered Level 1 of the Lair of Beasts
  8505 | D:8      | Noticed a two-headed ogre
  8509 | D:8      | Killed a two-headed ogre
  8509 | D:8      | Reached skill level 9 in Fighting
  8540 | D:8      | Found Teol's Antique Armour Shoppe.
  9086 | D:8      | Found a bloodstained altar of Trog.
  9131 | D:8      | Reached skill level 5 in Shields
  9188 | D:8      | Noticed a kobold demonologist
  9204 | D:8      | Killed a kobold demonologist
  9205 | D:8      | Reached XP level 11. HP: 66/66 MP: 12/12
  9213 | D:8      | Reached skill level 1 in Invocations
  9219 | D:8      | Reached ****** piety under Uskayaw
  9422 | D:9      | Found a radiant altar of Vehumet.
  9537 | D:9      | Noticed Psyche
  9542 | D:9      | Killed Psyche
  9566 | D:9      | Noticed Lokkij's ghost (novice TeMo)
  9582 | D:9      | Killed Lokkij's ghost
 10248 | Lair:1   | Noticed dscm's ghost (journeyman DsGl)
 10264 | Lair:1   | Reached skill level 10 in Fighting
 10264 | Lair:1   | Reached skill level 5 in Dodging
 10302 | Lair:1   | Killed dscm's ghost
 10588 | Lair:1   | Noticed a four-headed hydra
 10601 | Lair:1   | Killed a four-headed hydra
 10986 | Lair:1   | Got a dazzling bardiche
 11397 | Lair:2   | Noticed a death yak
 11398 | Lair:2   | Noticed a death yak
 11399 | Lair:2   | Noticed a death yak
 11400 | Lair:2   | Noticed a death yak
 11401 | Lair:2   | Noticed a death yak
 11402 | Lair:2   | Noticed a death yak
 11408 | Lair:2   | Killed a death yak
 11408 | Lair:2   | Reached XP level 12. HP: 57/73 MP: 15/15
 11413 | Lair:2   | Killed a death yak
 11413 | Lair:2   | Reached skill level 11 in Fighting
 11414 | Lair:2   | Killed a death yak
 11414 | Lair:2   | Killed a death yak
 11418 | Lair:2   | Killed a death yak
 11419 | Lair:2   | Killed a death yak
 11679 | Lair:2   | Found a labyrinth entrance.
 11687 | Lab      | Entered a labyrinth
 12257 | Lab      | Noticed a minotaur
 12269 | Lab      | Killed a minotaur
 12816 | Lair:3   | Noticed Fannar
 12845 | Lair:3   | Killed Fannar
 12849 | Lair:3   | Lost mutation: You are partially covered in rugged brown scales. (AC +1, +3% HP) [potion of mutation]
 12849 | Lair:3   | Lost mutation: You are frail. (-10% HP) [potion of mutation]
 12849 | Lair:3   | Gained mutation: Armour fits poorly on your strangely shaped body. [potion of mutation]
 12849 | Lair:3   | Gained mutation: You are agile. (Dex +2) [potion of mutation]
 12850 | Lair:3   | Lost mutation: You are agile. (Dex +2) [potion of mutation]
 12850 | Lair:3   | Lost mutation: Armour fits poorly on your strangely shaped body. [potion of mutation]
 12850 | Lair:3   | Lost mutation: Your system is resistant to poisons. (rPois) [potion of mutation]
 12850 | Lair:3   | Gained mutation: You are partially covered in icy blue scales. (AC +2) [potion of mutation]
 12850 | Lair:3   | Gained mutation: You are partially covered in iridescent scales. (AC +2) [potion of mutation]
 12850 | Lair:3   | Gained mutation: You are partially covered in rugged brown scales. (AC +1, +3% HP) [potion of mutation]
 12850 | Lair:3   | Gained mutation: Your muscles are strong. (Str +2) [potion of mutation]
 13034 | Lair:3   | Reached skill level 12 in Fighting
 13077 | Lair:3   | Reached skill level 5 in Invocations
 13168 | Lair:3   | Reached XP level 13. HP: 54/88 MP: 17/17
 13321 | Lair:3   | Found a hide-covered altar of Uskayaw.
 13427 | Lair:3   | Noticed Sonja
 13439 | Lair:3   | Killed Sonja
 13606 | Lair:3   | Reached skill level 10 in Armour
 13653 | Lair:3   | Found a hole to the Spider Nest.
 14496 | Lair:4   | Reached skill level 13 in Fighting
 14510 | Lair:4   | Found a staircase to the Shoals.
 14689 | Lair:4   | Noticed Nergalle
 14703 | Lair:4   | Killed Nergalle
 15690 | Lair:6   | Entered Level 6 of the Lair of Beasts
 15708 | Lair:6   | Found a staircase to the Slime Pits.
 15709 | Lair:6   | Found a viscous altar of Jiyva.
 15712 | Lair:6   | Noticed Kirke
 15726 | Lair:6   | Reached skill level 14 in Fighting
 15765 | Lair:6   | Killed Kirke
 15792 | Slime:1  | Entered Level 1 of the Pits of Slime
 16216 | Lair:6   | Gained mutation: You can fly continuously. [Tengu growth]
 16216 | Lair:6   | Reached XP level 14. HP: 92/98 MP: 20/20
 17041 | D:10     | Entered Level 10 of the Dungeon
 17041 | D:10     | Noticed Harold
 17057 | D:10     | Killed Harold
 17057 | D:10     | Reached skill level 15 in Fighting
 17308 | D:10     | Found Qiysaov's Weapon Shoppe.
 17578 | D:10     | Found Tonah's Weapon Boutique.
 17584 | D:10     | Bought the +7 long sword of Xynis {venom, rElec Dex+2} for 861 gold pieces
 18077 | D:11     | Reached skill level 1 in Spellcasting
 18095 | D:11     | Noticed teukkam's ghost (journeyman TrMo)
 18105 | D:11     | Killed teukkam's ghost
 18766 | D:12     | Found a staircase to the Orcish Mines.
 19325 | Orc:1    | Entered Level 1 of the Orcish Mines
 19504 | D:13     | Noticed Azrael
 19522 | D:13     | Killed Azrael
 20384 | Orc:1    | Noticed an orc warlord
 20399 | Orc:1    | Killed an orc warlord
 20565 | Orc:1    | Reached XP level 15. HP: 93/107 MP: 22/22
 20706 | Orc:2    | Entered Level 2 of the Orcish Mines
 20706 | Orc:2    | Found a staircase to the Elven Halls.
 20989 | Orc:1    | Noticed Erica
 20993 | Orc:1    | Killed Erica
 21122 | Orc:2    | Found Ingiengi's General Store.
 21122 | Orc:2    | Found Omaet's Antique Weapon Shop.
 21122 | Orc:2    | Found Matromp's Weapon Boutique.
 21122 | Orc:2    | Found Onkiottan's General Store.
 21144 | Orc:2    | Reached skill level 16 in Fighting
 21338 | Orc:2    | Found Zyllorgh's Assorted Antiques.
 21605 | Elf:1    | Entered Level 1 of the Elven Halls
 22686 | D:13     | Noticed Rupert
 22694 | D:13     | Killed Rupert
 22794 | D:13     | Noticed Erolcha
 22801 | D:13     | Killed Erolcha
 23610 | D:13     | Found a gate to the Vaults.
 24067 | D:14     | Reached XP level 16. HP: 114/114 MP: 24/24
 24551 | D:15     | Entered Level 15 of the Dungeon
 24574 | D:15     | Reached skill level 15 in Long Blades
 24729 | D:15     | Noticed Agnes
 24736 | D:15     | Killed Agnes
 24751 | D:15     | Reached skill level 5 in Spellcasting
 24758 | D:15     | Cast into level 2 of the Abyss (a wizard)
 24876 | Abyss:2  | Found a shattered altar of Ashenzari.
 24961 | Abyss:2  | Reached skill level 10 in Invocations
 24985 | Abyss:2  | Noticed a tentacled starspawn
 25152 | Abyss:2  | Found a corrupted altar of Lugonu.
 25287 | Abyss:2  | Noticed a tentacled starspawn
 25290 | Abyss:2  | Killed a tentacled starspawn
 25475 | Abyss:2  | Noticed a bone dragon
 25488 | Abyss:2  | Killed a bone dragon
 25490 | D:15     | Escaped the Abyss
 25889 | D:15     | Noticed Urug
 25900 | D:15     | Killed Urug
 26447 | D:15     | Found a staircase to the Depths.
 26603 | Depths:1 | Entered Level 1 of the Depths
 26836 | Spider:1 | Entered Level 1 of the Spider Nest
 26874 | Spider:1 | Learned a level 2 spell: Swiftness
 27263 | Spider:2 | Reached skill level 1 in Air Magic
 27309 | Spider:2 | Reached skill level 17 in Fighting
 27708 | Spider:2 | Reached XP level 17. HP: 44/120 MP: 26/26
 28263 | Spider:2 | Got a bloodstained falchion
 28264 | Spider:2 | Identified the +4 falchion of Appyezxu {drain, +Blink rElec Int+3 Dex-4} (You found it on level 2 of the Spider Nest)
 29536 | Spider:3 | Found a roughly hewn altar of Beogh.
 30026 | Spider:4 | Entered Level 4 of the Spider Nest
 30026 | Spider:4 | Noticed Mara
 30029 | Spider:4 | Noticed Lokkij's illusion
 30037 | Spider:4 | Killed Mara
 30037 | Spider:4 | Reached skill level 10 in Shields
 30037 | Spider:4 | Reached skill level 5 in Air Magic
 31319 | Spider:4 | Noticed Arachne
 31337 | Spider:4 | Killed Arachne
 31755 | Spider:4 | Reached XP level 18. HP: 111/127 MP: 27/27
 32336 | Spider:4 | Reached skill level 10 in Dodging
 32863 | Spider:4 | Reached skill level 1 in Charms
 32955 | Spider:4 | Got a gossamer rune of Zot
 33237 | Shoals:1 | Entered Level 1 of the Shoals
 34021 | Shoals:1 | Found Hiufrohe's Magic Scroll Shoppe.
 34029 | Shoals:1 | Bought a scroll of blinking for 120 gold pieces
 34029 | Shoals:1 | Bought a scroll of teleportation for 48 gold pieces
 34030 | Shoals:1 | Noticed Rwicked's ghost (adept MiBe)
 34044 | Shoals:1 | Noticed Donald
 34557 | Shoals:1 | Reached skill level 18 in Fighting
 34648 | Shoals:1 | Killed Rwicked's ghost
 34787 | Shoals:1 | Killed Donald
 35095 | Shoals:2 | Noticed Frances
 35177 | Shoals:2 | HP: 6/128 [merfolk javelineer/javelin (6)]
 35237 | Shoals:2 | HP: 5/128 [meliai/divine providence (15)]
 35266 | Shoals:2 | HP: 1/128 [meliai/divine providence (18)]
 35268 | Shoals:2 | Slain by a meliai

Skill      XL: |  1  2  3  4  5  6  7  8  9 10 11 12 13 14 15 16 17 18 |
---------------+-------------------------------------------------------+-----
Long Blades    | 3 5 6 8 10 11 13 14 15 16 | 16.0
Fighting       | 4 5 7 8 9 10 12 14 15 16 17 18 | 18.1
Armour         | 4 6 7 8 9 10 11 12 | 12.2
Dodging        | 1 4 5 6 7 8 9 10 | 10.4
Shields        | 5 7 9 10 11 | 11.5
Invocations    | 3 5 7 9 10 11 | 11.0
Spellcasting   | 2 4 5 6 |  6.0
Air Magic      | 2 7 8 |  8.6
Charms         | 2 |  2.0

Action                   |  1- 3 |  4- 6 |  7- 9 | 10-12 | 13-15 | 16-18 || total
-------------------------+-------+-------+-------+-------+-------+-------++-------
Melee: Long sword        |    73 |    30 |       |       |   559 |   847 ||  1509
       Peck              |    14 |    20 |    57 |   108 |   234 |   354 ||   787
       Kick              |    15 |    22 |   105 |   191 |   399 |   590 ||  1322
       Falchion          |       |    81 |   358 |       |       |       ||   439
       Dagger            |       |       |    24 |   633 |   408 |       ||  1065
       Demon blade       |       |       |       |       |       |   299 ||   299
Invok: Stomp             |       |       |       |       |       |     2 ||     2
       Line Pass         |       |       |       |       |       |     2 ||     2
       Grand Finale      |       |       |       |       |       |     2 ||     2
 Abil: Fly               |       |       |     1 |     1 |     7 |       ||     9
Evoke: Wand              |       |       |       |    17 |    31 |    40 ||    88
       Lightning rod     |       |       |       |       |       |     6 ||     6
  Use: Scroll            |     3 |     3 |     6 |     8 |     6 |    13 ||    39
       Potion            |     1 |     2 |     8 |     7 |    10 |    20 ||    48
 Stab: Paralysed         |       |       |     8 |    28 |    68 |    79 ||   183
       Invisible         |       |       |       |     3 |       |       ||     3
       Confused          |       |       |       |       |     4 |     1 ||     5
       Distracted        |       |       |       |       |       |     1 ||     1
  Eat: Chunk             |       |     4 |     6 |    10 |    24 |    10 ||    54
       Ration            |       |       |     4 |     4 |     3 |     9 ||    20
Armor: Scale mail        |    41 |    57 |       |       |       |       ||    98
       Ice dragon scales |       |     5 |     5 |   166 |   275 |   508 ||   959
       Ring mail         |       |       |    94 |     5 |       |       ||    99
       Skin              |       |       |    15 |       |       |       ||    15
Dodge: Dodged            |    23 |    44 |    74 |   130 |   272 |   546 ||  1089
Block: Shield            |    35 |    62 |   143 |   193 |   269 |       ||   702
       Large shield      |       |       |       |       |    69 |  1066 ||  1135
       Reflection        |       |       |       |       |     8 |    39 ||    47
       Rpst.: Long sword |     7 |     2 |       |       |    38 |    95 ||   142
       Falchion          |       |     5 |    16 |       |       |       ||    21
       Demon blade       |       |       |       |       |       |    12 ||    12
